 Dungeon Crawl Stone Soup version 0.20.1-1-g8b1a95d (webtiles) character file.

66831 grizmgrazm2 the Bewitcher (level 14, 0/91 HPs)
             Began as a Vampire Enchanter on Sept 22, 2017.
             Was the Champion of Hepliaklqana.
             Shot with a stone by a faun (17 damage)
             ... on level 1 of the Shoals.
             The game lasted 01:49:01 (27217 turns).

grizmgrazm2 the Bewitcher (Vampire Enchanter)      Turns: 27217, Time: 01:49:01

Health: 0/91       AC: 13    Str:  7    XL:     14   Next: 80%
Magic:  12/30      EV: 19    Int: 22    God:    Hepliaklqana [******]
Gold:   852        SH:  0    Dex: 15    Spells: 6/37 levels left

rFire    . . .     SeeInvis +   l - +1 dagger (speed)
rCold    + . .     Gourm    .   (no shield)
rNeg     + + .     Faith    .   b - +1 robe
rPois    +         Spirit   .   t - +2 helmet
rElec    .         Reflect  .   q - +2 cloak
rCorr    +         Harm     .   F - +0 pair of gloves
MR       +....                  E - +2 pair of boots
Stlth    +++++++...             r - amulet of Vitality {Regen+ HP+15}
Regen    0.4/turn               o - ring of resist corrosion
MPRegen  0.3/turn               O - ring of wizardry

@: regenerating slowly
A: reduced essence, fangs 3, see invisible, unbreathing
a: Bat Form, Recall Ancestor, Ancestor Identity, Transference, Idealise,
Renounce Religion


You were on level 1 of the Shoals.
You worshipped Hepliaklqana.
Hepliaklqana was exalted by your worship.
You were very thirsty.

You visited 4 branches of the dungeon, and saw 22 of its levels.
You also visited: Ice Cave.

You collected 1600 gold pieces.
You spent 748 gold pieces at shops.

Inventory:

Hand Weapons
 l - a +1 dagger of speed (weapon)
 v - a +0 dagger of draining
Armour
 b - a +1 robe (worn)
 d - a +0 helmet
 q - a +2 cloak (worn)
 t - a +2 helmet (worn)
 E - a +2 pair of boots (worn)
 F - a +0 pair of gloves (worn)
Jewellery
 e - an uncursed ring of protection from fire
 o - a ring of resist corrosion (left hand)
 r - the amulet of Vitality (around neck) {Regen+ HP+15}
   (You found it on level 6 of the Dungeon)

   [amulet of regeneration]

   It affects your health (+15).
   It increases your rate of regeneration.
 w - an uncursed ring of protection from cold
 A - an uncursed ring of stealth
 D - a +4 ring of strength
 K - an uncursed ring of fire
 L - an uncursed ring of protection from magic
 O - a ring of wizardry (right hand)
Wands
 g - a wand of iceblast (12/15)
 s - a wand of confusion (31/48)
 z - a wand of lightning (6/15)
 H - a wand of iceblast (10/15)
 I - a wand of clouds (0/9)
Scrolls
 i - 4 scrolls of identify
 k - a scroll of blinking
 m - 3 scrolls of remove curse
 n - a scroll of teleportation
 x - 3 scrolls of fog
 R - a scroll of magic mapping
Potions
 u - 2 potions of ambrosia
 G - 2 potions of invisibility
 J - 12 potions of blood
 M - a potion of agility
Books
 a - a book of Minor Magic

   Spells                             Type                      Level
   a - Magic Dart                     Conjuration                  1
   b - Blink                          Translocation                2
   c - Call Imp                       Summoning                    2
   d - Slow                           Hexes                        2
   e - Conjure Flame                  Conjuration/Fire             3
   f - Mephitic Cloud                 Conjuration/Poison/Air       3
 c - a book of Maledictions

   Spells                             Type                      Level
   a - Corona                         Hexes                        1
   b - Ensorcelled Hibernation        Hexes/Ice                    2
   c - Confuse                        Hexes                        3
   d - Tukima's Dance                 Hexes                        3
   e - Dazzling Spray                 Conjuration/Hexes            3
 f - the Reference Book on Fetching Venom
   (You found it on level 2 of the Lair of Beasts)

   Spells                             Type                      Level
   a - Corona                         Hexes                        1
   b - Confuse                        Hexes                        3
   c - Venom Bolt                     Conjuration/Poison           5
   d - Metabolic Englaciation         Hexes/Ice                    5
   e - Invisibility                   Hexes                        6
 h - a book of the Tempests

   Spells                             Type                      Level
   a - Static Discharge               Conjuration/Air              3
   b - Lightning Bolt                 Conjuration/Air              5
   c - Ignition                       Fire                         8
   d - Tornado                        Air                          9
   e - Shatter                        Earth                        9
 j - the Incunabulum of the Glacier
   (You found it in an ice cave)

   Spells                             Type                      Level
   a - Ozocubu's Armour               Charms/Ice                   3
   b - Throw Icicle                   Conjuration/Ice              4
   c - Metabolic Englaciation         Hexes/Ice                    5
   d - Bolt of Cold                   Conjuration/Ice              6
   e - Simulacrum                     Ice/Necromancy               6
   f - Ozocubu's Refrigeration        Ice                          6
 p - a book of Changes

   Spells                             Type                      Level
   a - Beastly Appendage              Transmutation                1
   b - Sticks to Snakes               Transmutation                2
   c - Spider Form                    Transmutation/Poison         3
   d - Ice Form                       Ice/Transmutation            4
   e - Blade Hands                    Transmutation                5
 y - a book of Debilitation

   Spells                             Type                      Level
   a - Corona                         Hexes                        1
   b - Slow                           Hexes                        2
   c - Inner Flame                    Hexes/Fire                   3
   d - Portal Projectile              Hexes/Translocation          3
   e - Cause Fear                     Hexes                        4
   f - Leda's Liquefaction            Hexes/Earth                  4
 C - a book of Conjurations

   Spells                             Type                      Level
   a - Magic Dart                     Conjuration                  1
   b - Searing Ray                    Conjuration                  2
   c - Dazzling Spray                 Conjuration/Hexes            3
   d - Fulminant Prism                Conjuration/Hexes            4
   e - Force Lance                    Conjuration/Translocation    4
   f - Iskenderun's Mystic Blast      Conjuration                  4
 Q - a book of Battle

   Spells                             Type                      Level
   a - Infusion                       Charms                       1
   b - Shroud of Golubria             Charms/Translocation         2
   c - Song of Slaying                Charms                       2
   d - Spectral Weapon                Hexes/Charms                 3
   e - Regeneration                   Charms/Necromancy            3


   Skills:
 - Level 10.2 Short Blades
 + Level 10.6 Dodging
 + Level 14.9 Stealth
 * Level 12.3 Spellcasting
 * Level 18.4 Hexes
 - Level 2.4 Summonings
 - Level 2.5 Translocations
 - Level 7.9 Ice Magic


You had 6 spell levels left.
You knew the following spells:

 Your Spells              Type           Power        Failure   Level  Hunger
a - Ensorcelled Hibernat  Hex/Ice        ######       1%          2    None
b - Confuse               Hex            #######.     0%          3    None
c - Tukima's Dance        Hex            #######.     0%          3    None
d - Cause Fear            Hex            #######...   0%          4    None
e - Metabolic Englaciati  Hex/Ice        ######....   1%          5    ####...
f - Leda's Liquefaction   Hex/Erth       ######....   1%          4    None
g - Portal Projectile     Hex/Tloc       ######       1%          3    None
h - Spectral Weapon       Hex/Chrm       ######..     1%          3    None
i - Call Imp              Summ           ###.....     1%          2    None
j - Blink                 Tloc           N/A          1%          2    None


Dungeon Overview and Level Annotations

Branches:
Dungeon (15/15)            Temple (1/1) D:6            Lair (5/6) D:11
 Shoals (1/4) Lair:4        Snake (0/4) Lair:4        Slime (0/5) Lair:5
    Orc (0/2) D:12         Vaults (0/5) D:14         Depths (0/5) D:15

Altars:
Ashenzari
Cheibriados
Dithmenos
Elyvilon
Fedhas
Gozag
Hepliaklqana
Kikubaaqudgha
Makhleb
Nemelex Xobeh
Okawaru
Qazlal
Ru
Sif Muna
Trog
Uskayaw
Vehumet
Xom
Yredelemnul
Zin
The Shining One

Shops:
D:3 *   D:9 ?   D:13 =*%   D:14 %

Annotations:
D:11 Kirke
D:12 Josephine, Psyche, Urug


Innate Abilities, Weirdness & Mutations

You heal slowly.
You have razor-sharp teeth.
You have supernaturally acute eyesight. (SInv)
You can survive without breathing.
Your life essence is reduced to manifest your ancestor. (-10% HP)


Message History

Press: ? - help, Shift-Dir - straight line, f/p - merfolk siren
Aim: a merfolk siren, wielding a spear (confused, chance to defeat MR: 62%)
The spear dances into the air!
Your spear hits the merfolk siren.
The faun unwields an uncursed spear.
The faun wields an uncursed hunting sling.
The faun shoots a sling bullet.
The sling bullet hits you but does no damage.
Your spear hits the merfolk siren! x2
Your spear hits the merfolk siren from afar!
The faun unwields an uncursed quarterstaff.
The faun wields an uncursed hunting sling.
The faun shoots a stone.
The stone barely misses you.
The stone hits Tlaloc!!
Your spear hits the merfolk siren from afar.
The merfolk siren dies!
The faun shoots a sling bullet.
The sling bullet closely misses Tlaloc.
The sling bullet hits you!
* * * LOW HITPOINT WARNING * * *
You see here a sling bullet.
The faun shoots a stone.
The stone hits you!
You die...

≈PP.≈≈≈≈≈≈≈≈≈≈≈≈≈)..≈≈..≈≈≈≈≈≈≈≈≈
≈...≈≈≈≈≈≈≈≈≈≈≈≈..#......≈≈≈≈≈≈≈≈
≈≈≈P≈≈≈≈≈≈≈≈≈≈≈≈≈..÷......≈≈≈≈≈≈≈
P≈≈≈...≈≈≈≈≈≈≈..≈≈.........(≈≈≈.≈
P.≈P..≈≈≈≈≈≈≈≈.............≈≈≈≈≈.
.P.≈...≈≈≈≈..≈%.c###...#(...≈≈R≈.
.......≈≈≈≈......# #..#.(........
.####.≈≈≈≈≈....(.# ##...(≈(≈.....
.# ##.≈≈≈≈≈.##.R@####...≈≈≈≈).c..
.###..≈≈≈≈≈....(..#.....≈≈≈≈.....
........≈≈≈≈≈≈≈....#..≈≈≈≈≈≈.≈≈m.
........≈≈≈≈≈≈≈≈≈≈...≈≈≈≈≈≈≈≈≈≈..
.....≈≈≈≈≈≈≈≈≈≈≈≈≈≈≈≈c≈≈≈≈≈≈≈≈≈.c
≈≈.≈≈≈≈≈≈.≈≈≈≈≈≈≈≈c..≈≈≈≈≈≈≈≈....
≈≈.≈≈≈.....)≈.≈≈≈≈≈...≈≈≈≈≈≈.....
≈...≈..%.....≈.≈≈≈≈≈≈≈≈≈≈≈≈≈ .
≈.##.....#...≈≈≈≈≈≈≈≈≈≈≈≈≈≈. #.


You could see the friendly Tlaloc the battlemage, 3 fauns and a friendly spear.

Vanquished Creatures
  2 hydras
  3 two-headed ogres
  A vault guard (D:14)
  2 centaur warriors (D:15)
  The ghost of Ijustatesigmund the Basher, a novice MiFi of Cheibriados (D:10)
  2 sea snakes (Shoals:1)
  3 unseen horrors
  2 orc knights (D:15)
  A deep elf mage (D:15)
  The ghost of hilaritas the Frost Mage, a novice DEIE of Vehumet (D:8)
  6 manticores
  5 ugly things (D:15)
  A cyclops (D:13)
  A wolf spider (shapeshifter) (D:15)
  6 black mambas
  2 merfolk sirens (Shoals:1)
  4 elephants (Lair:5)
  A gargoyle (D:12)
  5 spiny frogs
  A kobold demonologist (D:15)
  2 rime drakes (Lair:3)
  7 komodo dragons
  A merfolk (Lair:4)
  5 trolls
  A polar bear (shapeshifter) (D:15)
  A wind drake (Shoals:1)
  16 polar bears (IceCv)
  8 slime creatures (D:15)
  A wind drake (shapeshifter) (D:13)
  4 blink frogs (Lair:3)
  Grinder (D:5)
  2 snapping turtles (Shoals:1)
  13 hippogriffs
  2 shadows
  2 wraiths
  3 wyverns
  39 yaks
  A hog (D:12)
  Grum (D:11)
  3 hungry ghosts
  4 vampire mosquitoes (D:14)
  2 basilisks
  2 soldier ants
  5 water moccasins
  An acid dragon (D:14)
  14 porcupines
  2 black bears
  5 orc warriors
  5 sky beasts
  A hornet zombie (D:15)
  3 ice beasts
  An eye of draining (D:11)
  An ogre (D:11)
  12 wolves
  4 boggarts (D:15)
  18 centaurs
  9 crocodiles
  A big kobold (D:7)
  Blork the orc (D:5)
  18 bullfrogs
  A wyvern zombie (D:14)
  3 scorpions
  4 killer bees (D:12)
  5 wights
  2 howler monkeys
  4 crimson imps
  2 bullfrog zombies
  A quasit (D:11)
  3 centaur zombies
  3 centaur skeletons
  6 jellies
  2 bullfrog skeletons
  5 orc priests
  6 hounds
  3 iguanas
  12 orc wizards
  11 worker ants
  3 hell rats (Lair:4)
  A hound zombie (D:8)
  2 hound skeletons
  A worker ant zombie (D:8)
  Robin (D:1)
  18 adders
  7 gnolls
  2 shadow imps
  7 oozes
  An adder skeleton (D:4)
  2 worms (D:5)
  2 dart slugs
  2 leopard geckos
  31 orcs
  4 giant cockroaches
  19 goblins
  10 hobgoblins
  8 jackals
  5 quokkas
  5 ball pythons
  10 bats
  4 frilled lizards
  A giant cockroach zombie (D:5)
  2 jackal skeletons
  A jackal zombie (D:6)
  9 kobolds
  A leopard gecko zombie (D:5)
  12 rats
  A butterfly (Lair:5)
517 creatures vanquished.

Vanquished Creatures (collateral kills)
  The ghost of Patate the Severer, a journeyman HOCK of Xom (Lair:4)
  2 hydras
  A two-headed ogre (D:13)
  A sea snake (Shoals:1)
  An oklob plant (Lair:5)
  An ugly thing (D:15)
  A cyclops (shapeshifter) (D:15)
  A cyclops (D:13)
  3 merfolk sirens
  An elephant (Lair:5)
  2 centaur skeletons
  A rime drake (IceCv)
  A komodo dragon (Lair:3)
  2 merfolk (Shoals:1)
  4 polar bears (IceCv)
  A wind drake (Shoals:1)
  A hippogriff (Lair:5)
  A slime creature (D:15)
  A meliai zombie (D:15)
  A wyvern (Lair:3)
  7 yaks
  A hog (D:12)
  A shadow (D:11)
  2 wraiths
  A water elemental (Shoals:1)
  An acid dragon (D:15)
  2 porcupines
  5 water moccasins
  3 orc warriors (D:15)
  An ice beast (D:15)
  A black bear (D:9)
  5 ogres
  A boggart (D:15)
  5 wolves
  A big kobold (D:11)
  A centaur (D:15)
  A gnoll sergeant (D:13)
  4 bullfrogs
  A scorpion (D:10)
  A killer bee (D:12)
  A water moccasin skeleton (D:9)
  7 wights
  A bullfrog zombie (D:6)
  A crimson imp (D:8)
  3 centaur zombies
  3 hounds
  3 orc priests
  An iguana (D:11)
  6 orc wizards
  A hell rat (Lair:4)
  2 worker ants
  6 adders
  3 gnolls (D:13)
  A shadow imp (D:10)
  A leopard gecko (D:6)
  15 orcs
  2 jackals (D:6)
  7 kobolds
  2 quokkas
  A frilled lizard (D:3)
  2 fungi (D:11)
  A plant (Shoals:1)
143 creatures vanquished.

Vanquished Creatures (others)
  A polar bear (IceCv)
  4 dancing weapons
  3 wolves (IceCv)
  16 battlemagi
  An ancestor (D:8)
  10 fungi
  9 plants
44 creatures vanquished.

Grand Total: 704 creatures vanquished

Notes
Turn   | Place    | Note
-------+----------+-------------------------------------------
     0 | D:1      | grizmgrazm2 the Vampire Enchanter began the quest for the Orb.
     0 | D:1      | Reached XP level 1. HP: 13/13 MP: 3/3
   127 | D:1      | Reached XP level 2. HP: 16/19 MP: 3/5
   131 | D:1      | Learned a level 2 spell: Ensorcelled Hibernation
   751 | D:1      | Reached skill level 5 in Hexes
   780 | D:1      | Reached XP level 3. HP: 9/24 MP: 1/6
   963 | D:1      | Learned a level 3 spell: Confuse
  1102 | D:2      | Noticed Robin
  1577 | D:1      | Killed Robin
  2507 | D:2      | Reached XP level 4. HP: 26/30 MP: 8/8
  2577 | D:2      | Reached skill level 1 in Ice Magic
  2989 | D:2      | Reached skill level 5 in Stealth
  3230 | D:3      | Found Zin's Purification Station.
  3231 | D:3      | Found a glowing silver altar of Zin.
  4082 | D:3      | Reached XP level 5. HP: 35/35 MP: 4/9
  4362 | D:3      | Found a snail-covered altar of Cheibriados.
  4380 | D:3      | Reached skill level 6 in Hexes
  4579 | D:3      | Learned a level 3 spell: Tukima's Dance
  4713 | D:4      | Got a silken robe
  4724 | D:4      | Identified the +1 robe "Zuidud" {+Fly rN+++ Dex-4} (You found it on level 4 of the Dungeon)
  4818 | D:4      | Noticed an ice beast
  4825 | D:4      | Killed an ice beast
  4825 | D:4      | Reached XP level 6. HP: 41/41 MP: 11/11
  5201 | D:4      | Found an iron altar of Okawaru.
  5834 | D:5      | Entered Level 5 of the Dungeon
  5914 | D:5      | Reached skill level 7 in Hexes
  5914 | D:5      | Reached XP level 7. HP: 42/46 MP: 13/13
  6015 | D:5      | Noticed Blork the orc
  6022 | D:5      | Killed Blork the orc
  6253 | D:5      | Noticed Grinder
  6264 | D:5      | Killed Grinder
  6321 | D:5      | Reached skill level 8 in Hexes
  6897 | D:5      | Reached XP level 8. HP: 52/52 MP: 3/15
  7534 | D:5      | Found a glowing golden altar of the Shining One.
  8002 | D:6      | Reached skill level 5 in Spellcasting
  8115 | D:6      | Found a staircase to the Ecumenical Temple.
  8154 | Temple   | Entered the Ecumenical Temple
  8202 | Temple   | Became a worshipper of Hepliaklqana the Forgotten
  9107 | D:6      | Reached skill level 9 in Hexes
  9713 | D:7      | Found a hide-covered altar of Uskayaw.
  9927 | D:7      | Reached * piety under Hepliaklqana
 10014 | D:7      | Found a bloodstained altar of Trog.
 10016 | D:7      | Found a blossoming altar of Fedhas.
 10017 | D:7      | Found a shattered altar of Ashenzari.
 10019 | D:7      | Found a glowing golden altar of the Shining One.
 10773 | D:8      | Reached skill level 5 in Dodging
 10773 | D:8      | Reached XP level 9. HP: 51/51 MP: 8/17
 10958 | D:8      | Found an opulent altar of Gozag.
 10970 | D:8      | Reached skill level 10 in Hexes
 11158 | D:8      | Found a sacrificial altar of Ru.
 11258 | D:8      | Noticed hilaritas's ghost (novice DEIE)
 11268 | D:8      | Killed hilaritas's ghost
 11456 | D:8      | Reached skill level 5 in Short Blades
 11556 | D:9      | Reached skill level 11 in Hexes
 11643 | D:9      | Found an ancient bone altar of Kikubaaqudgha.
 11856 | D:9      | Reached ** piety under Hepliaklqana
 11857 | D:9      | Remembered your ancestor Tlaloc as a battlemage
 11913 | D:9      | Reached XP level 10. HP: 56/56 MP: 20/20
 11917 | D:9      | Reached skill level 5 in Ice Magic
 12039 | D:9      | Found Nokan's Magic Scroll Boutique.
 12042 | D:9      | Bought a scroll of summoning for 133 gold pieces
 12042 | D:9      | Bought a scroll of enchant armour for 105 gold pieces
 12090 | D:9      | Found a sparkling altar of Nemelex Xobeh.
 12175 | D:9      | Noticed a two-headed ogre
 12208 | D:9      | Killed a two-headed ogre
 12330 | D:9      | Reached skill level 12 in Hexes
 12506 | D:9      | Found an opulent altar of Gozag.
 12537 | D:10     | Entered Level 10 of the Dungeon
 12645 | D:10     | Reached skill level 10 in Stealth
 12772 | D:10     | Noticed Ijustatesigmund's ghost (novice MiFi)
 12803 | D:10     | Killed Ijustatesigmund's ghost
 12941 | D:10     | Noticed a two-headed ogre
 12944 | D:10     | Killed a two-headed ogre
 12944 | D:10     | Reached XP level 11. HP: 61/61 MP: 23/23
 13061 | D:11     | Reached skill level 13 in Hexes
 13108 | D:11     | Noticed an unseen horror
 13113 | D:11     | Killed an unseen horror
 13241 | D:11     | Reached *** piety under Hepliaklqana
 13449 | D:11     | Found a staircase to the Lair.
 13466 | D:11     | Noticed Grum
 13765 | D:11     | Killed Grum
 13849 | D:11     | Reached skill level 14 in Hexes
 14003 | D:11     | Noticed a skeletal warrior
 14004 | D:11     | Noticed a skeletal warrior
 14005 | D:11     | Noticed a skeletal warrior
 14027 | Lair:1   | Entered Level 1 of the Lair of Beasts
 14224 | Lair:1   | Noticed an eight-headed hydra
 14229 | Lair:1   | Killed an eight-headed hydra
 14241 | Lair:1   | Reached XP level 12. HP: 66/66 MP: 22/25
 14832 | Lair:2   | Identified a scroll of acquirement
 14838 | Lair:2   | Learned a level 2 spell: Blink
 14841 | Lair:2   | Learned a level 2 spell: Call Imp
 14844 | Lair:2   | Learned a level 2 spell: Slow
 14872 | Lair:2   | Identified the Reference Book on Fetching Venom
 14902 | Lair:2   | Reached **** piety under Hepliaklqana
 15211 | Lair:2   | Reached skill level 1 in Translocations
 15228 | Lair:2   | Reached skill level 15 in Hexes
 15233 | Lair:2   | Noticed a seven-headed hydra
 15251 | Lair:2   | Killed a seven-headed hydra
 15251 | Lair:2   | Reached skill level 1 in Summonings
 15924 | Lair:3   | Reached ***** piety under Hepliaklqana
 16036 | Lair:3   | Reached skill level 10 in Spellcasting
 16085 | Lair:3   | Found a frozen archway.
 16094 | IceCv    | Entered an ice cave
 17292 | IceCv    | Noticed a frost giant
 17294 | IceCv    | Reached XP level 13. HP: 68/71 MP: 27/27
 17504 | IceCv    | HP: 3/86 [frost giant/bolt of cold (12)]
 17764 | IceCv    | Identified the Incunabulum of the Glacier
 17797 | Lair:3   | Learned a level 5 spell: Metabolic Englaciation
 18434 | Lair:4   | Reached skill level 16 in Hexes
 18614 | Lair:4   | Found a staircase to the Snake Pit.
 18866 | Lair:4   | Noticed Patate's ghost (journeyman HOCK)
 18880 | Lair:4   | Killed Patate's ghost
 19023 | Lair:4   | Found a staircase to the Shoals.
 19644 | Lair:5   | Found a staircase to the Slime Pits.
 21008 | D:12     | Found a staircase to the Orcish Mines.
 21414 | D:13     | Reached ****** piety under Hepliaklqana
 21469 | D:13     | Found a blossoming altar of Fedhas.
 21547 | D:13     | Found Dimed's Jewellery Emporium.
 21551 | D:13     | Bought an uncursed ring of wizardry for 510 gold pieces
 21590 | D:13     | Reached skill level 17 in Hexes
 21658 | D:13     | Found Zurept's Food Boutique.
 21713 | D:13     | Found Qedo's General Store.
 22165 | D:14     | Found Engyompu's Food Emporium.
 22714 | D:14     | Found a gate to the Vaults.
 22728 | D:14     | Reached XP level 14. HP: 76/76 MP: 25/29
 22853 | D:15     | Entered Level 15 of the Dungeon
 23561 | D:15     | Reached skill level 10 in Dodging
 24572 | D:15     | Reached skill level 10 in Short Blades
 24872 | D:15     | Reached skill level 18 in Hexes
 25026 | D:15     | Found a staircase to the Depths.
 25119 | D:12     | Noticed Psyche
 25134 | D:12     | Noticed Kirke
 25293 | Lair:1   | Learned a level 4 spell: Cause Fear
 25297 | Lair:1   | Learned a level 3 spell: Portal Projectile
 25302 | Lair:1   | Learned a level 4 spell: Leda's Liquefaction
 25426 | Lair:5   | Learned a level 3 spell: Spectral Weapon
 26279 | D:12     | Noticed Urug
 26287 | D:12     | Noticed Josephine
 26467 | Shoals:1 | Entered Level 1 of the Shoals
 27217 | Shoals:1 | Shot with a stone by a faun

Skill      XL: |  1  2  3  4  5  6  7  8  9 10 11 12 13 14 |
---------------+-------------------------------------------+-----
Hexes          | 5 6 7 8 9 11 12 14 15 17 18 | 18.4
Spellcasting   | 3 4 5 7 8 9 10 11 12 | 12.3
Ice Magic      | 1 2 3 4 5 6 7 |  7.9
Stealth        | 5 6 8 9 10 11 12 14 | 14.9
Short Blades   | 2 3 4 5 6 7 8 9 10 | 10.2
Dodging        | 3 4 5 6 8 9 10 | 10.6
Translocations | 2 |  2.5
Summonings     | 2 |  2.4

Action                   |  1- 3 |  4- 6 |  7- 9 | 10-12 | 13-15 || total
-------------------------+-------+-------+-------+-------+-------++-------
Melee: Dagger            |   113 |    94 |   338 |   386 |   543 ||  1474
       Bite              |     5 |     4 |    28 |    40 |    48 ||   125
       Unarmed           |       |       |       |       |     2 ||     2
 Cast: Corona            |     6 |       |       |       |       ||     6
       Ensorcelled Hiber |    47 |    47 |    77 |   113 |   116 ||   400
       Confuse           |     4 |     2 |    32 |    65 |   142 ||   245
       Tukima's Dance    |       |       |    12 |    14 |    23 ||    49
       Call Imp          |       |       |       |     2 |     7 ||     9
       Metabolic Englaci |       |       |       |       |    11 ||    11
       Blink             |       |       |       |       |     2 ||     2
       Slow              |       |       |       |       |     1 ||     1
       Cause Fear        |       |       |       |       |     1 ||     1
       Portal Projectile |       |       |       |       |     1 ||     1
       Leda's Liquefacti |       |       |       |       |     1 ||     1
       Spectral Weapon   |       |       |       |       |     1 ||     1
Invok: Ancestor Life: Ba |       |       |     1 |       |       ||     1
       Ancestor Identity |       |       |     1 |       |       ||     1
       Recall Ancestor   |       |       |       |     1 |    10 ||    11
 Abil: End Transformatio |     1 |       |     1 |     1 |    20 ||    23
       Bat Form          |     1 |       |     1 |     1 |    20 ||    23
Evoke: Wand              |       |       |       |     1 |    10 ||    11
  Use: Potion            |     3 |     4 |     4 |    16 |    25 ||    52
       Scroll            |     5 |     6 |    10 |    12 |    16 ||    49
 Stab: Sleeping          |    33 |    39 |    70 |    97 |   115 ||   354
       Confused          |     1 |     1 |    23 |    50 |    81 ||   156
       Distracted        |       |     1 |       |       |     6 ||     7
Armor: Robe              |    16 |    10 |    60 |    63 |    61 ||   210
Dodge: Dodged            |    77 |    49 |   219 |   250 |   341 ||   936
